 Dungeon Crawl Stone Soup version 0.29-a0-378-gc08b2e8bf8 (webtiles) character file.

Game seed: 4939278654698433388

143 diecastcamel the Chopper (level 5, -9/40 (42) HPs)
             Began as a Human Fighter on May 4, 2022.
             Mangled by Crazy Yiuf
             ... wielding a +4 quarterstaff of chaos
              (14 damage)
             ... on level 2 of the Dungeon.
             The game lasted 00:10:09 (2427 turns).

diecastcamel the Chopper (Human Fighter)            Turns: 2427, Time: 00:10:11

HP:   -9/40 (42)    AC:  6    Str: 18    XL:     5   Next: 50%
MP:   0/5           EV:  9    Int: 15    God:
Gold: 101           SH:  4    Dex: 12    Spells: 4/4 levels left

rFire   . . .      SeeInvis .   a - +0 war axe
rCold   . . .      Faith    .   c - +0 buckler
rNeg    . . .      Spirit   .   b - +0 scale mail
rPois   .          Reflect  .   (no helmet)
rElec   .          Harm     .   (no cloak)
rCorr   .          Rampage  .   (no gloves)
Will    +....                   (no boots)
Stlth   ..........              i - amulet of magic regeneration
HPRegen 0.13/turn               h - ring of willpower
MPRegen 0.49/turn               k - +6 ring of intelligence

@: mighty, lethally poisoned (-9 -> -12), lightly drained
A: no striking features
a: no special abilities


You were on level 2 of the Dungeon.
You visited 1 branch of the dungeon, and saw 2 of its levels.

You collected 101 gold pieces.

Inventory:

Hand Weapons
 a - a +0 war axe (weapon)
 r - a +0 mace of protection
Missiles
 o - 20 stones (quivered)
 q - a throwing net
Armour
 b - a +0 scale mail (worn)
 c - a +0 buckler (worn)
Jewellery
 h - a ring of willpower (left hand)
 i - an amulet of magic regeneration (around neck)
 k - a +6 ring of intelligence (right hand)
Wands
 m - a wand of iceblast (12)
Scrolls
 g - a scroll of blinking {unknown}
 j - a scroll of enchant weapon {unknown}
 n - a scroll of summoning {unknown}
 p - a scroll of magic mapping {unknown}
Potions
 e - 2 potions of flight {unknown}
 f - a potion of mutation {unknown}
 l - a potion of brilliance {unknown}


   Skills:
 + Level 3.7 Fighting
 * Level 3.8 Axes
 + Level 3.6 Armour
 + Level 1.6 Dodging
 - Level 3.0 Shields


You had 4 spell levels left.
You didn't know any spells.
Your spell library was empty.

Dungeon Overview and Level Annotations

Branches:
Dungeon (2/15)

Altars:

Annotations:
D:2 Crazy Yiuf


Message History

No target in view!
You see here a +0 club.
You see here a +0 club.
Found a runed mace.
You see here a +0 mace of protection.
r - a +0 mace of protection
Found four maces.
Found a runed translucent door.
Found a mace.
Crazy Yiuf shouts!
Found a mace and a runed mace.
You open the door. You closely miss Crazy Yiuf.
Crazy Yiuf hits you with a +4 quarterstaff of chaos!
You feel drained. You block Crazy Yiuf's attack.
You hit Crazy Yiuf.
Crazy Yiuf is lightly wounded.
Crazy Yiuf misses you.
You hit Crazy Yiuf but do no damage.
Crazy Yiuf is lightly wounded.
Crazy Yiuf closely misses you.
You closely miss Crazy Yiuf.
Crazy Yiuf is lightly wounded.
Crazy Yiuf closely misses you.
Crazy Yiuf hits you with a +4 quarterstaff of chaos!
You are poisoned.
You barely miss Crazy Yiuf.
Crazy Yiuf is lightly wounded.
You feel very sick. Crazy Yiuf barely misses you.
Unknown command.
You feel very mighty all of a sudden.
You feel sick. You block Crazy Yiuf's attack.
You closely miss Crazy Yiuf.
Crazy Yiuf is lightly wounded.
You feel sick.
Crazy Yiuf hits you with a +4 quarterstaff of chaos!
* * * LOW HITPOINT WARNING * * *
You feel your power leaking away.
Crazy Yiuf hits you with a +4 quarterstaff of chaos!
You die...

####♣♣ ### ####....♣♣
♣♣#)))# .........♣♣♣♣@g)).#
. #......♣..♣#.))# ..
#.....♣.♣♣♣ ### ####### ..#
#.##♣♣♣♣♣ #.....# ...####.#
#.....# #)....##
#########.....# ##....#
##.##..........#
#....########..##..........#
#.....#.).....##...........#


You could see Crazy Yiuf.

Vanquished Creatures
  Terence (D:2)
  Natasha (twice) (D:2)
  An adder (D:2)
  A worm (D:2)
  3 bats (D:1)
  4 endoplasms
  3 giant cockroaches
  8 goblins
  6 hobgoblins
  6 jackals
  2 quokkas
  5 ball pythons
  4 frilled lizards
  4 kobolds (D:1)
  2 rats
52 creatures vanquished.

Notes
Turn   | Place    | Note
-------+----------+-------------------------------------------
     0 | D:1      | diecastcamel the Human Fighter began the quest for the Orb.
     0 | D:1      | Reached XP level 1. HP: 18/18 MP: 1/1
    92 | D:1      | Reached XP level 2. HP: 15/24 MP: 2/2
   224 | D:1      | Found a faded altar of an unknown god.
   976 | D:1      | Reached XP level 3. HP: 29/29 MP: 3/3
  1443 | D:2      | Noticed Natasha
  1532 | D:2      | Noticed Terence
  1548 | D:2      | Killed Terence
  1549 | D:2      | Reached skill level 1 in Dodging
  1549 | D:2      | Reached XP level 4. HP: 24/35 MP: 4/4
  1813 | D:2      | Killed Natasha
  1814 | D:2      | Reached XP level 5. HP: 27/41 MP: 5/5
  1818 | D:2      | Noticed Natasha
  2176 | D:2      | Killed Natasha
  2416 | D:2      | Found a runed translucent door.
  2417 | D:2      | Noticed Crazy Yiuf
  2427 | D:2      | Mangled by Crazy Yiuf

Illustrated notes

Levels and vault maps discovered:
D:1:      ebering_trefoil_3fold, layout_basic, basic_ecumenical_altar
D:2:      layout_rooms, uniq_terence, uniq_natasha, uniq_crazy_yiuf_cottage

Skill      XL: |  1  2  3 |
---------------+----------+-----
Axes           | 3 |  3.8
Dodging        | 1 |  1.6
Fighting       | |  3.7
Armour         | |  3.6
Shields        | |  3.0

Action                   |  1- 3 |  4- 6 || total
-------------------------+-------+-------++-------
Melee: War axe           |   108 |    69 ||   177
  Use: Scroll            |       |     1 ||     1
       Potion            |       |     1 ||     1
Armor: Scale mail        |    50 |    27 ||    77
Dodge: Dodged            |    51 |    35 ||    86
Block: Buckler           |    23 |    22 ||    45

Table legend: (Time is in decaauts)
 A = Elapsed time spent in this place.
 B = Non-inter-level travel time spent in this place.
 C = Inter-level travel time spent in this place.
 D = Time resting spent in this place.
 E = Time spent auto-exploring this place.
 F = Levels seen in this place.
 G = Mean time per level.
                   A        B        C        D        E       F      G
               +--------+--------+--------+--------+--------+-----+--------+
         Total |   2498 |   2418 |     80 |    835 |    980 |   2 | 1249.0 |
       Dungeon |   2498 |   2418 |     80 |    835 |    980 |   2 | 1249.0 |
               +--------+--------+--------+--------+--------+-----+--------+

Top non-repeatable levels by time:
     D:1: 1580 daAuts
     D:2: 917 daAuts
